AoeStats
← SlightlySaltedCamelCrisps

Arena

504830911Analyzed
2v2 RM · 27d ago on Sep 6, 2026· 49m 27s· 4 players
Game mode
Random Map
Map size
Medium (4 player)
Population
200
Speed
Normal
Resources
Standard
Victory
Conquest
Starting age
Dark Age
Ending age
Imperial Age
RankedLock teamsTeams togetherTeam positionsShared explorationLock speedFull tech treeHidden civsTurbo modeCheats
Victory
Defeat
🇨🇳 Turks · China
1246
+15
🇩🇪 Sicilians · Germany
1212
+17
🇩🇪 Vietnamese · Germany
1224
-16
🇩🇪 Turks · Germany
1224
-16
SlightlySaltedCamelCrisps
11:05 Feudal Age
14:52 Castle Age
13:08 Double-Bit Axe
13:26 Horse Collar
15:03 Stone Mining
16:58 Bow Saw
17:55 Loom
18:29 Town Watch
19:23 Wheelbarrow
22:48 Gold Mining
25:55 Bloodlines
26:24 Town Watch
34:28 Imperial Age
33:20 Fletching
34:30 Padded Archer Armor
34:50 Bodkin Arrow
42:15 Hand Cart
43:28 Bracer
45:55 Conscription
jimima
10:46 Feudal Age
15:06 Castle Age
13:03 Horse Collar
13:10 Double-Bit Axe
13:57 Stone Mining
16:58 Bow Saw
16:54 Heavy Plow
29:54 Imperial Age
27:13 Loom
27:26 Fletching
27:37 Padded Archer Armor
28:22 Bodkin Arrow
28:51 Ballistics
28:42 Fortified Wall
28:36 Pikeman
29:19 Squires
29:38 Leather Archer Armor
30:21 Wheelbarrow
31:39 Chemistry
30:48 Bracer
31:20 Ring Archer Armor
32:27 Crop Rotation
33:00 Two-Man Saw
31:28 Halberdier
31:55 Arson
32:16 Scale Mail Armor
33:32 Gold Mining
33:53 Siege Engineers
33:44 Murder Holes
33:30 Treadmill Crane
34:18 Forging
34:23 Chain Mail Armor
35:02 Paper Money
35:14 Elite Rattan Archer
36:34 Elite Fire Lancer
38:24 Iron Casting
38:20 Plate Mail Armor
39:17 Thumb Ring
38:33 Elite Skirmisher
41:06 Coinage
40:37 Caravan
40:52 Scale Barding Armor
45:11 Banking
47:03 Imperial Skirmisher
MarcoPolo
9:47 Feudal Age
10:28 Loom
13:15 Castle Age
11:15 Horse Collar
12:19 Double-Bit Axe
14:26 Bow Saw
19:52 Wheelbarrow
20:08 Town Watch
21:21 Hand Cart
22:16 Gold Mining
23:17 Stone Mining
24:49 Gold Shaft Mining
26:17 First Crusade
26:16 Gambesons
26:31 Squires
26:24 Gambesons
27:21 Scale Mail Armor
27:10 Arson
28:17 Chain Mail Armor
31:14 Imperial Age
29:20 Forging
29:56 Fletching
30:44 Bodkin Arrow
31:17 Elite Serjeant
31:59 Bracer
33:31 Plate Mail Armor
33:23 Conscription
34:05 Ballistics
33:31 Arrowslits
34:24 Iron Casting
44:04 Blast Furnace
44:43 Masonry
49:09 Chemistry
50:30 Stone Shaft Mining
darker
11:56 Feudal Age
15:58 Castle Age
14:12 Double-Bit Axe
14:46 Gold Mining
21:35 Imperial Age
21:24 Padded Archer Armor
21:42 Bow Saw
21:25 Horse Collar
25:05 Leather Archer Armor
27:50 Ring Archer Armor
31:40 Heavy Plow
34:38 Wheelbarrow
41:21 Scale Barding Armor
41:27 Forging
41:35 Husbandry
41:46 Bloodlines
42:48 Chain Barding Armor
50:38 Iron Casting
Connection lost

Rejoining the realm…

Still unreachable

The connection could not be restored.

Session expired

The server has moved on; the page needs a fresh start.